 Dungeon Crawl Stone Soup version 0.19.5 (webtiles) character file.

147 Jumperg the Shooter (level 5, 0/40 HPs)
             Began as a Centaur Arcane Marksman on May 19, 2017.
             Slain by a goblin (4 damage)
             ... led by Robin
             ... on level 1 of the Dungeon.
             The game lasted 00:35:28 (4346 turns).

Jumperg the Shooter (Centaur Arcane Marksman)       Turns: 4346, Time: 00:35:28

Health: 0/40       AC:  4    Str: 14      XL:     5   Next: 8%
Magic:  8/8        EV:  9    Int: 13      God:
Gold:   146        SH:  0    Dex:  6 (8)  Spells: 2 memorised, 5 levels left

rFire  . . .     SeeInvis .     m - +0 short sword
rCold  . . .     Gourm    .     e - +0 robe
rNeg   . . .     Faith    .     (no shield)
rPois  .         Spirit   .     (no helmet)
rElec  .         Reflect  .     (no cloak)
rCorr  .         Harm     .     (no gloves)
MR     .....                    (no barding)
Stlth  ..........               (no amulet)
                                (no ring)
                                q - ring of flight

@: very quick
A: hooves 3, deformed body, speed 2, tough skin 3
a: Evoke Flight


You were on level 1 of the Dungeon.
You were not hungry.

You visited 1 branch of the dungeon, and saw 3 of its levels.

You collected 146 gold pieces.

Inventory:

Hand Weapons
 a - a +0 shortbow
 m - a +0 short sword (weapon)
 r - a +0 spear
 y - a +0 flail of venom
Missiles
 d - 4 arrows
 g - 15 sling bullets
 p - 100 stones (quivered)
 t - a throwing net
 w - 42 bolts
Armour
 e - a +0 robe (worn)
 l - a cursed +0 robe
Jewellery
 q - a ring of flight (left hand)
Scrolls
 h - a scroll of recharging {unknown}
 i - a scroll of amnesia {unknown}
 k - 2 scrolls of noise
 n - 2 scrolls of teleportation {unknown}
 o - 2 scrolls of magic mapping {unknown}
 x - 2 scrolls of blinking {unknown}
Potions
 b - 2 potions of degeneration
 j - a potion of haste
 s - 2 potions of heal wounds {unknown}
 v - 6 potions of curing {unknown}
 z - a potion of ambrosia {unknown}
Books
 c - a book of Debilitation

   Spells                             Type                      Level
   a - Corona                         Hexes                        1
   b - Slow                           Hexes                        2
   c - Gell's Gravitas                Hexes/Translocation          3
   d - Inner Flame                    Hexes/Fire                   3
   e - Cause Fear                     Hexes                        4
   f - Leda's Liquefaction            Hexes/Earth                  4
Comestibles
 f - 3 bread rations


   Skills:
 - Level 1.0 Fighting
 + Level 4.2 Bows
 * Level 0.2 Throwing
 - Level 2.0 Dodging
 - Level 2.0 Spellcasting
 + Level 3.6 Hexes


You had 5 spell levels left.
You knew the following spells:

 Your Spells              Type           Power        Failure   Level  Hunger
a - Corona                Hex            ##.....      8%          1    ##.....
b - Slow                  Hex            ##......     10%         2    ###....


Dungeon Overview and Level Annotations

Branches:
Dungeon (3/15)

Altars:

Annotations:
D:2 Natasha, Robin
D:3 Terence


Innate Abilities, Weirdness & Mutations

You have hooves in place of feet.
Armour fits poorly on your strangely shaped body.
You cover ground very quickly.
You have extremely tough skin. (AC +3)


Message History

You miss the goblin. You kick the goblin, but do no damage.
The goblin hits you with a club! The hobgoblin hits you. The goblin hits you.
* * * LOW HITPOINT WARNING * * *
You closely miss the goblin. You kick the goblin, but do no damage.
The goblin closely misses you.
The hobgoblin hits you but does no damage.
The goblin closely misses you.
You closely miss the goblin. The goblin hits you but does no damage.
The hobgoblin hits you.
* * * LOW HITPOINT WARNING * * *
The goblin hits you.
* * * LOW HITPOINT WARNING * * *
You hit the goblin but do no damage.
The hobgoblin hits you but does no damage.
The goblin closely misses you. The goblin hits you.
* * * LOW HITPOINT WARNING * * *
You closely miss the goblin. The hobgoblin hits you.
* * * LOW HITPOINT WARNING * * *
The goblin hits you but does no damage. The goblin hits you.
You die...

#.# #...# #.# #.# #.# #...# #.#
#.# #.# ##.## #.# #.# #### #.#
#.# #.# #.# ...# #.# #.# #.#
#.# ##.####.# #.# #.# #.#
........# #.# #.#######.#
##.#########.########.........#
##............gg@gg..########.#
##.######...####g###.########.#
##.#####.....###g###..........#
..............##..............#
##...#.........#############..#
......###....#.# #..# ##..###
##.#.#.## #..# ##..# ###.#..##
#..# ##..# #.#.#.## ######..#


You could see 3 hobgoblins and 3 goblins.

Vanquished Creatures
  2 gnolls (D:2)
  5 adders
  3 worms
  2 dart slugs (D:1)
  2 leopard geckos
  An orc (D:3)
  7 giant cockroaches
  7 goblins
  5 hobgoblins
  11 jackals
  2 quokkas
  A ball python (D:2)
  7 bats
  2 frilled lizards
  5 rats
  A plant (D:3)
63 creatures vanquished.

Notes
Turn   | Place    | Note
-------+----------+-------------------------------------------
     0 | D:1      | Jumperg the Centaur Arcane Marksman began the quest for the Orb.
     0 | D:1      | Reached XP level 1. HP: 16/16 MP: 2/2
   463 | D:1      | Reached XP level 2. HP: 22/23 MP: 3/3
   915 | D:1      | Reached skill level 3 in Bows
  1241 | D:2      | Reached XP level 3. HP: 8/28 MP: 5/5
  1495 | D:2      | Learned a level 2 spell: Slow
  1927 | D:2      | Reached XP level 4. HP: 10/35 MP: 6/6
  3110 | D:2      | Reached skill level 4 in Bows
  3336 | D:2      | Noticed Natasha
  3744 | D:3      | Noticed Terence
  3954 | D:2      | Reached XP level 5. HP: 27/40 MP: 8/8
  4078 | D:2      | Noticed Robin
  4346 | D:1      | Slain by a goblin

Skill      XL: |  1  2  3  4 |
---------------+-------------+-----
Bows           | 3 4 |  4.2
Hexes          | 3 |  3.6
Dodging        | 2 |  2.0
Spellcasting   | 2 |  2.0
Fighting       | |  1.0
Throwing       | |  0.2

Action                   |  1- 3 |  4- 6 || total
-------------------------+-------+-------++-------
Melee: Unarmed           |    38 |       ||    38
       Short sword       |    66 |   199 ||   265
       Kick              |    18 |    41 ||    59
       Spear             |       |    30 ||    30
 Fire: Shortbow          |    48 |    44 ||    92
Throw: Stone             |     3 |    28 ||    31
 Cast: Corona            |     2 |     2 ||     4
  Use: Potion            |       |     2 ||     2
       Scroll            |       |     1 ||     1
  Eat: Chunk             |     2 |     3 ||     5
       Bread ration      |       |     1 ||     1
Armor: Robe              |    51 |    66 ||   117
Dodge: Dodged            |    72 |   100 ||   172
